 Dungeon Crawl Stone Soup version 0.31.0-11-ge490571c62 (webtiles) character file.

Game seed: 1125529921503440656

126677 Sobieck the Spry (level 16, -24/82 (88) HPs)
             Began as a Spriggan Hunter on Jan 31, 2024.
             Was an Initiate of Gozag.
             Killed from afar by Asterion (27 damage)
             ... with an iron shot
             ... on level 2 of the Spider Nest on Feb 1, 2024.
             The game lasted 01:06:54 (33184 turns).

Sobieck the Spry (Spriggan Hunter)                 Turns: 33184, Time: 01:06:55

HP:   -24/82 (88)   AC: 15    Str:  9    XL:     16   Next: 44%
MP:   0/26          EV: 36    Int: 15    God:    Gozag
Gold: 1373          SH:  9    Dex: 28    Spells: 15/15 levels left

rFire   + . .        L - +7 hand cannon "Mule" {flame, backblast, rF+}
rCold   . . .        a - +2 buckler
rNeg    . . .        t - quicksilver dragon scales "Toeleora" {rPois Will+ Int+4}
rPois   +            (helmet restricted)
rElec   .            M - +0 cloak
rCorr   .            (gloves unavailable)
SInv    +            (boots unavailable)
Will    +++..        w - amulet of guardian spirit
Stlth   ++++++       P - ring of magical power
HPRegen 0.33/turn    k - ring of Tickexu {rPois AC+4 Str+2 Dex+2}
MPRegen 0.20/turn

%: guardian spirit
@: drained, very quick
A: very small, no large weapons, unfitting armour, see invisible, speed 3
a: Renounce Religion, Potion Petition, Call Merchant, Bribe Branch


You were on level 2 of the Spider Nest.
You worshipped Gozag.
Gozag was most pleased with you.
You visited 5 branches of the dungeon, and saw 27 of its levels.

You collected 9168 gold pieces.
You spent 3407 gold pieces at shops.
You paid 4388 gold pieces to Gozag.

Inventory:

Hand Weapons
 L - the +7 hand cannon "Mule" (weapon) {flame, backblast, rF+}
   (You bought it in a shop on level 3 of the Lair of Beasts)

   rF+:       It protects you from fire.
Missiles
 F - 7 curare-tipped darts
 Z - 5 throwing nets
Armour
 a - a +2 buckler (worn)
 p - a +2 robe of resistance
 t - the quicksilver dragon scales "Toeleora" (worn) {rPois Will+ Int+4}
   (You acquired it on level 9 of the Dungeon)

   Int+4:     It affects your intelligence (+4).
   rPois:     It protects you from poison Will+: It increases your willpower.
 M - a +0 cloak (worn)
Jewellery
 c - a ring of protection from cold
 f - a ring of protection from fire
 k - the ring of Tickexu (right hand) {rPois AC+4 Str+2 Dex+2}
   (You found it on level 15 of the Dungeon)

   [ring of protection]

   AC+4:      It affects your AC (+4).
   Str+2:     It affects your strength (+2).
   Dex+2:     It affects your dexterity (+2).
   rPois:     It protects you from poison
 m - a ring of willpower
 r - an amulet of regeneration
 w - an amulet of guardian spirit (around neck)
 x - a ring of fire
 P - a ring of magical power (left hand)
Wands
 j - a wand of roots (18)
 q - a wand of quicksilver (27)
 y - a wand of mindburst (10)
 D - a wand of digging (4)
 E - a wand of charming (31)
 W - a wand of polymorph (15)
Scrolls
 b - a scroll of blinking
 g - 2 scrolls of fear
 h - 3 scrolls of fog
 i - 3 scrolls of vulnerability
 v - 5 scrolls of poison
 B - 2 scrolls of enchant weapon
 C - 2 scrolls of summoning
 G - 5 scrolls of revelation
 K - 8 scrolls of enchant armour
 N - a scroll of butterflies
 R - 7 scrolls of identify
 T - 8 scrolls of teleportation
 V - 3 scrolls of noise
 X - a scroll of silence {!r}
Potions
 d - 7 potions of brilliance
 e - 5 potions of mutation
 l - 5 potions of lignification
 n - 3 potions of resistance
 o - 7 potions of enlightenment
 s - 2 potions of magic
 u - 4 potions of heal wounds
 z - 2 potions of invisibility
 A - a potion of berserk rage
 H - 2 potions of haste
 I - 5 potions of ambrosia
 J - 4 potions of attraction
 Q - 3 potions of curing
 S - a potion of cancellation
Miscellaneous
 O - a lightning rod (4/4)
 U - a phial of floods
 Y - a tin of tremorstones (2/2)


   Skills:
 + Level 11.8 Fighting
 - Level 18.0 Ranged Weapons
 + Level 3.5 Armour
 + Level 20.9 Dodging
 - Level 14.0 Stealth
 + Level 3.5 Shields
 + Level 6.8 Evocations


You had 15 spell levels left.
You didn't know any spells.
Your spell library contained the following spells:

 Spells                   Type           Power      Damage    Failure   Level
 Apportation              Tloc           0%         N/A       71%         1
 Kiss of Death            Conj/Necr      0%         2d5       71%         1
 Call Imp                 Summ           0%         N/A       85%         2
 Cigotuvi's Dreadful Rot  Necr/Alch/Air  0%         N/A       85%         2
 Jinxbite                 Hex            0%         N/A       85%         2
 Sublimation of Blood     Necr           0%         N/A       85%         2
 Confusing Touch          Hex            0%         N/A       97%         3
 Gell's Gravitas          Tloc           0%         N/A       97%         3
 Teleport Other           Tloc           0%         N/A       97%         3
 Anguish                  Hex/Necr       0%         N/A       100%        4
 Cause Fear               Hex            0%         N/A       100%        4
 Dispel Undead            Necr           0%         3d6       100%        4
 Martyr's Knell           Necr/Summ      0%         N/A       100%        4
 Petrify                  Alch/Erth      0%         N/A       100%        4
 Vhi's Electric Charge    Tloc/Air       0%         N/A       100%        4
 Alistair's Intoxication  Alch           0%         N/A       100%        5
 Arcjolt                  Conj/Air       0%         1d10      100%        5
 Borgnjor's Vile Clutch   Necr/Erth      0%         N/A       100%        5
 Irradiate                Conj/Alch      0%         3d11      100%        5
 Iskenderun's Battlesphe  Conj           0%         2d6       100%        5
 Bombard                  Conj/Erth      0%         9d1       100%        6
 Death Channel            Necr           0%         N/A       100%        6
 Dispersal                Tloc           0%         N/A       100%        6
 Eringya's Noxious Bog    Alch           0%         4d6       100%        6
 Plasma Beam              Fire/Air       0%         2x1d10    100%        6
 Enfeeble                 Hex            0%         N/A       100%        7
 Spellforged Servitor     Conj/Summ      0%         N/A       100%        7
 Summon Hydra             Summ           0%         N/A       100%        7


Dungeon Overview and Level Annotations

Branches:
Dungeon (15/15)            Temple (1/1) D:4            Lair (5/5) D:10
 Shoals (0/4) Lair:3       Spider (4/4) Lair:3        Slime (0/5) Lair:5
    Orc (2/2) D:12            Elf (0/3) Orc:2        Vaults (0/5) D:14
 Depths (0/4) D:15

Altars:
Ashenzari
Cheibriados
Dithmenos
Elyvilon
Fedhas
Gozag
Hepliaklqana
Kikubaaqudgha
Makhleb
Nemelex Xobeh
Okawaru
Qazlal
Ru
Sif Muna
Trog
Uskayaw
Vehumet
Wu Jian
Xom
Yredelemnul
Zin
The Shining One

Shops:
D:6 ?   D:13 *   Orc:2 ((((((![(!?*   Lair:3 (

Annotations:
D:5 1 runed translucent door, LoggersVIII's ghost, amateur OpEE
D:8 Erica
D:15 2 transporters, Ruil's ghost, journeyman MiBe
Lair:5 1 runed translucent door
Spider:2 Asterion
Orc:1 1 runed translucent door, astronautguy's ghost, journeyman GrMo


Innate Abilities, Weirdness & Mutations

You are very small and have problems with some larger weapons.
You are too small for most types of armour.
You have supernaturally acute eyesight. (SInv)
You cover ground extremely quickly. (Speed+++)


Message History

The cacodemon disappears in a puff of smoke!
Asterion evades a web.
There is a stone staircase leading down here.
Unknown command.
Things that are here:
a +0 leather armour; a +0 war axe You shoot a bolt.
Asterion blocks the bolt.
Mule's kick sends you backwards. Asterion attacks as he pursues you!
Asterion completely misses you.
The +0 spectral demon blade closely misses you.
You block Asterion's attack.
A +0 spectral demon blade comes into view.
Asterion mumbles some strange prayers to Makhleb.
You shoot a bolt.
Asterion blocks the bolt.
The +0 spectral demon blade disappears.
Asterion conjures a destructive force in the name of Makhleb!
The iron shot misses you.
Asterion conjures a destructive force in the name of Makhleb!
The orb of electricity explodes!
The orb of electricity engulfs you!!!
Ouch! That really hurt!
* * * LOW HITPOINT WARNING * * *
Asterion chants a prayer to Makhleb.
You are too injured to fight recklessly!
Fire: L) +7 hand cannon "Mule" {flame, backblast, rF+}
Press: ? - help, Q - select action Shift-Dir - straight line, f/p - Asterion
Aim: Asterion, wielding a +0 spectral demon blade, wearing a +0 scale mail and wearing a +0 kite shield (heavily wounded, fast, 93% to hit)
You shoot a bolt. The bolt hits Asterion!
The bolt burns Asterion.
Asterion is heavily wounded.
Fire: L) +7 hand cannon "Mule" {flame, backblast, rF+}
Press: ? - help, Q - select action Shift-Dir - straight line, f/p - Asterion
Aim: Asterion, wielding a +0 spectral demon blade, wearing a +0 scale mail and wearing a +0 kite shield (heavily wounded, fast, 93% to hit)
You shoot a bolt.
Asterion blocks the bolt.
Asterion conjures a destructive force in the name of Makhleb!
The orb of electricity explodes!
The orb of electricity engulfs you!!!
Ouch! That really hurt!
* * * LOW HITPOINT WARNING * * *
The orb of electricity engulfs Asterion!!!
Asterion attacks as he pursues you! You block Asterion's attack.
You block the +0 spectral demon blade's attack.
Asterion completely misses you.
A +0 spectral demon blade comes into view.
Fire: L) +7 hand cannon "Mule" {flame, backblast, rF+}
Press: ? - help, Q - select action Shift-Dir - straight line, f/p - Asterion
Aim: Asterion, wielding a +0 spectral demon blade, wearing a +0 scale mail and wearing a +0 kite shield (magical condensation, almost dead, fast, 93% to hit)
You shoot a bolt. The bolt hits Asterion.
The bolt burns Asterion.
Asterion is almost dead.
Asterion conjures a destructive force in the name of Makhleb!
The iron shot hits you!!
You die...
Asterion screams, "The power of Makhleb!"
Your body crumbles into a pile of gold.

##>...#.....#
#####...#..#
#....#....#
##.###....#
#####..###..###
##..#.#..##..##
####^.#.<..#.^#..# ###
#.#|.#☼#...#.#..##
#.###....H@..####...##
#.....##○#.#......#..#
#..#..#..###....#..###
##......## #.#....##
#..##..2# ####..##
##...#..# ####
##....## #### ###..##
##..# ###..##


You could see Asterion (fast).

Vanquished Creatures
  Rupert (D:12)
  Agnes (Spider:1)
  Roxanne (Spider:1)
  4 emperor scorpions
  3 ghost moths (Spider:2)
  An orc warlord (Orc:1)
  A spark wasp (Spider:1)
  A dire elephant (D:15)
  Snorg (Orc:1)
  2 crystal guardians (D:15)
  An entropy weaver (Spider:4)
  2 rakshasas (D:15)
  4 vault guards (D:14)
  Erolcha (D:12)
  Harold (Orc:1)
  6 hydras
  A jorogumo (Spider:2)
  6 centaur warriors
  4 radroaches
  3 boulder beetles
  3 catoblepae
  A death yak (D:11)
  6 two-headed ogres
  A death knight (D:9)
  3 tengu warriors
  2 orc high priests (Orc:2)
  An occultist (D:15)
  A demonic crawler (Spider:2)
  2 pharaoh ants
  A skyshark (Lair:2)
  A steelbarb worm (Spider:1)
  A sun moth (Spider:2)
  5 orb spiders
  An orange crystal statue (D:15)
  2 deep elf pyromancers
  Pikel (D:6)
  A lindwurm (Lair:3)
  3 orc knights
  12 wolf spiders
  7 orc sorcerers
  9 cyclopes
  4 kobold blastminers
  3 moths of wrath
  5 manticores
  3 meliai (Spider:2)
  A salamander (shapeshifter) (D:14)
  4 elephants
  A black mamba (shapeshifter) (D:14)
  Joseph (D:9)
  2 torpor snails
  3 black mambas
  9 cane toads
  A gargoyle (D:12)
  2 unseen horrors
  A rime drake (Lair:2)
  A komodo dragon (shapeshifter) (D:14)
  4 komodo dragons
  A tengu conjurer (D:15)
  A tyrant leech (Lair:4)
  11 trolls
  A queen bee (D:11)
  8 polar bears
  A hornet (shapeshifter) (D:14)
  8 tarantellas
  4 hornets (Lair:5)
  A raiju (shapeshifter) (D:13)
  15 dream sheep
  Sigmund (D:2)
  2 water elementals (D:14)
  5 shadows
  10 slime creatures
  2 vampires
  15 culicivoras
  13 spriggans
  27 jumping spiders
  39 yaks
  3 wyverns
  4 wraiths
  4 basilisks
  2 steam dragons
  34 redbacks
  2 vampire mosquitoes (D:14)
  8 wargs
  A redback simulacrum (D:14)
  4 swamp worms (Lair:4)
  7 acid dragons
  12 water moccasins
  2 black bears
  An ice beast (D:5)
  5 ogres
  7 laughing skulls
  32 orc warriors
  12 centaurs
  4 boggarts (Lair:5)
  46 wolves
  4 lemures (D:6)
  2 phantoms
  3 kobold brigands
  7 bullfrogs
  A scorpion (D:6)
  6 wights (D:9)
  23 killer bees
  5 howler monkeys
  2 electric eels
  2 bombardier beetles
  3 hounds
  2 jellies
  19 orc priests
  Jessica (D:2)
  4 sleepcaps
  40 orc wizards
  3 iguanas
  7 hell rats (Lair:2)
  Robin (D:2)
  4 gnolls
  5 adders
  A shadow imp (D:7)
  A white imp (D:6)
  7 ufetubi
  3 ribbon worms
  2 dart slugs
  51 orcs
  3 bats
  7 endoplasms
  A giant cockroach (D:2)
  9 goblins
  7 hobgoblins
  6 jackals
  6 ball pythons
  3 frilled lizards
  27 kobolds
  5 rats
792 creatures vanquished.

Vanquished Creatures (others)
  An orc wizard (Orc:2)
1 creature vanquished.

Grand Total: 793 creatures vanquished

Notes
Turn   | Place    | Note
-------+----------+-------------------------------------------
     0 | D:1      | Sobieck the Spriggan Hunter began the quest for the Orb.
     0 | D:1      | Reached XP level 1. HP: 10/10 MP: 2/2
   105 | D:1      | Reached XP level 2. HP: 15/15 MP: 3/3
   616 | D:2      | Reached XP level 3. HP: 18/18 MP: 4/4
   707 | D:2      | Noticed Robin
   735 | D:2      | Killed Robin
   753 | D:2      | Noticed Sigmund
   844 | D:2      | Noticed Jessica
   845 | D:2      | Killed Jessica
   846 | D:2      | Reached XP level 4. HP: 23/23 MP: 5/5
   950 | D:2      | Killed Sigmund
   951 | D:2      | Reached skill level 3 in Fighting
   951 | D:2      | Reached skill level 6 in Ranged Weapons
   951 | D:2      | Reached XP level 5. HP: 20/28 MP: 6/6
  1289 | D:2      | Reached XP level 6. HP: 32/32 MP: 7/7
  1549 | D:3      | Identified the ring of Xom's Entertainment {Fire Will-
                  | Int+3 SInv Stlth+}
  1785 | D:3      | Found a burning altar of Makhleb.
  1787 | D:3      | Noticed a balrug
  2364 | D:4      | Found a staircase to the Ecumenical Temple.
  2375 | Temple   | Entered the Ecumenical Temple
  2386 | Temple   | Became a worshipper of Gozag Ym Sagoz the Greedy
  2473 | D:4      | Found a sparkling altar of Nemelex Xobeh.
  2867 | D:4      | Found a radiant altar of Vehumet.
  3185 | D:4      | Found a bloodstained altar of Trog.
  3212 | D:5      | Entered Level 5 of the Dungeon
  3217 | D:5      | Identified the +0 trident of Telling Anguish {freeze, rN++
                  | Dex+6}
  3268 | D:5      | Noticed LoggersVIII's ghost (amateur OpEE)
  3272 | D:5      | Found a runed translucent door.
  3293 | D:5      | Noticed an ice beast
  3295 | D:5      | Killed an ice beast
  3296 | D:5      | Reached XP level 7. HP: 36/36 MP: 8/8
  3767 | D:5      | Found a hazy altar of Hepliaklqana.
  4204 | D:5      | Reached skill level 9 in Ranged Weapons
  4427 | D:6      | Reached skill level 3 in Dodging
  4427 | D:6      | Reached XP level 8. HP: 42/42 MP: 9/9
  4746 | D:6      | Reached skill level 3 in Stealth
  4830 | D:6      | Found Niuh's Magic Scroll Boutique.
  4882 | D:6      | Bought a scroll of identify for 28 gold pieces
  4882 | D:6      | Bought a scroll of identify for 28 gold pieces
  4882 | D:6      | Bought a scroll of enchant armour for 105 gold pieces
  4882 | D:6      | Bought a scroll of enchant weapon for 105 gold pieces
  4882 | D:6      | Bought a scroll of identify for 28 gold pieces
  4962 | D:6      | Reached skill level 4 in Dodging
  5203 | D:7      | Noticed an unseen horror
  5257 | D:7      | Noticed Pikel
  5415 | D:6      | Killed Pikel
  5416 | D:6      | Reached skill level 5 in Dodging
  5416 | D:6      | Reached XP level 9. HP: 46/46 MP: 10/10
  5524 | D:7      | Killed an unseen horror
  5525 | D:7      | Reached skill level 6 in Stealth
  5749 | D:7      | Found a white marble altar of Elyvilon.
  5749 | D:7      | Found a glowing silver altar of Zin.
  5813 | D:7      | Reached skill level 6 in Dodging
  6020 | D:7      | Found a sacrificial altar of Ru.
  6599 | D:7      | Reached skill level 7 in Dodging
  6883 | D:8      | Reached XP level 10. HP: 52/52 MP: 11/11
  6899 | D:8      | Found a shadowy altar of Dithmenos.
  6998 | D:8      | Noticed Erica
  7353 | D:9      | Noticed a two-headed ogre
  7364 | D:9      | Killed a two-headed ogre
  7568 | D:8      | Reached skill level 6 in Fighting
  7653 | D:9      | Noticed Joseph
  7798 | D:9      | Killed Joseph
  7799 | D:9      | Reached skill level 12 in Ranged Weapons
  7799 | D:9      | Reached skill level 8 in Dodging
  7799 | D:9      | Reached skill level 9 in Stealth
  8190 | D:9      | Noticed a two-headed ogre
  8295 | D:9      | Identified the +4 chain mail "Biupnyum" {rF++ Str-3 Int+2
                  | Stlth+}
  8301 | D:9      | Reached skill level 9 in Dodging
  8433 | D:9      | Killed a two-headed ogre
  8434 | D:9      | Reached skill level 10 in Dodging
  8485 | D:9      | Reached XP level 11. HP: 54/56 MP: 12/12
  8492 | D:9      | Reached skill level 12 in Stealth
  8572 | D:9      | Noticed a two-headed ogre
  8617 | D:9      | Killed a two-headed ogre
  8655 | D:9      | Noticed a death knight
  8682 | D:9      | Reached skill level 11 in Dodging
  8941 | D:9      | Killed a death knight
  9231 | D:9      | Identified the +0 leather armour of Orghex {rElec Str+3}
  9237 | D:9      | Noticed a two-headed ogre
  9248 | D:9      | Killed a two-headed ogre
  9339 | D:10     | Entered Level 10 of the Dungeon
  9483 | D:9      | Identified a scroll of acquirement
  9483 | D:9      | Acquired the quicksilver dragon scales "Toeleora" {rPois
                  | Will+ Int+4}
  9552 | D:10     | Reached skill level 12 in Dodging
  9640 | D:10     | Found a staircase to the Lair.
  9673 | D:10     | Noticed a two-headed ogre
  9707 | D:10     | Killed a two-headed ogre
 10220 | D:10     | Found a stormy altar of Qazlal.
 10509 | D:11     | Noticed a death yak
 10568 | D:11     | Killed a death yak
 10569 | D:11     | Reached skill level 13 in Dodging
 11423 | D:11     | Reached XP level 12. HP: 52/62 MP: 9/13
 11952 | D:12     | Found a staircase to the Orcish Mines.
 12106 | D:12     | Noticed Rupert
 12233 | D:12     | Killed Rupert
 12234 | D:12     | Reached skill level 14 in Dodging
 12534 | D:12     | You fall into a shaft and drop 3 floors!
 12534 | D:15     | Entered Level 15 of the Dungeon
 12535 | D:15     | Noticed a six-headed hydra
 12535 | D:15     | Noticed a dire elephant
 12535 | D:15     | Noticed a tengu warrior
 12535 | D:15     | Noticed a tengu warrior
 12535 | D:15     | Found a staircase to the Depths.
 12542 | D:15     | Found a transporter.
 12632 | D:15     | Noticed a centaur warrior
 12638 | D:15     | Killed a centaur warrior
 13022 | D:13     | Noticed a centaur warrior
 13081 | D:13     | Found Towoirao's Magic Scroll Emporium.
 13329 | D:13     | Found Ypuuthri's General Store.
 13332 | D:13     | Bought a scroll of blinking for 112 gold pieces
 13332 | D:13     | Bought a lightning rod (4/4) for 600 gold pieces
 13332 | D:13     | Bought a ring of magical power for 300 gold pieces
 13355 | D:13     | Noticed a centaur warrior
 13824 | D:13     | Noticed a centaur warrior
 13834 | D:13     | Noticed a tengu warrior
 13835 | D:13     | Killed a centaur warrior
 14224 | Orc:1    | Entered Level 1 of the Orcish Mines
 14227 | Orc:1    | Noticed Erolcha
 14300 | D:12     | Killed Erolcha
 14711 | Orc:1    | Found a runed translucent door.
 14711 | Orc:1    | Noticed astronautguy's ghost (journeyman GrMo)
 14825 | Orc:2    | Entered Level 2 of the Orcish Mines
 14825 | Orc:2    | Noticed Snorg
 14952 | Orc:2    | Noticed an orc warlord
 15028 | Orc:1    | Reached skill level 15 in Dodging
 15229 | Orc:1    | Killed Snorg
 15312 | Orc:2    | Reached XP level 13. HP: 68/68 MP: 14/14
 15360 | Orc:2    | Found Ytyotuba's Weapon Shoppe.
 15424 | Orc:2    | Found a staircase to the Elven Halls.
 16383 | Orc:2    | Found Asmec's Distillery.
 16454 | Orc:2    | Found Pudehuwn's Distillery.
 16454 | Orc:2    | Found Zofunun's Armour Boutique.
 16454 | Orc:2    | Found Jih Leck's Weapon Boutique.
 16683 | Orc:2    | Found Qiataw's Weapon Boutique.
 16813 | Orc:2    | Found Bucs's Magic Scroll Shop.
 16897 | Orc:2    | Reached skill level 15 in Ranged Weapons
 16969 | Orc:1    | Killed an orc warlord
 17228 | Orc:2    | Found Gypt's General Store.
 17555 | Orc:2    | Found Tatyk's Weapon Shop.
 18057 | Orc:1    | Noticed Harold
 18072 | Orc:1    | Killed Harold
 18073 | Orc:1    | Reached skill level 16 in Dodging
 18420 | Lair:1   | Entered Level 1 of the Lair of Beasts
 18819 | Lair:1   | Reached skill level 9 in Fighting
 20120 | Lair:2   | You fall into a shaft and drop 2 floors!
 20549 | Lair:3   | Found a hole to the Spider Nest.
 20714 | Lair:3   | Reached XP level 14. HP: 75/75 MP: 15/15
 21386 | Lair:3   | Found a staircase to the Shoals.
 21582 | Lair:4   | Identified the +2 barding "Nionah" {Dex+3}
 22189 | Lair:4   | Reached skill level 17 in Dodging
 22995 | Lair:5   | Entered Level 5 of the Lair of Beasts
 23789 | Lair:5   | Found a runed translucent door.
 23793 | Lair:5   | Found a staircase to the Slime Pits.
 23793 | Lair:5   | Noticed an acid blob
 25283 | D:13     | Reached XP level 15. HP: 81/81 MP: 16/16
 25623 | D:14     | Reached skill level 18 in Ranged Weapons
 25623 | D:14     | Reached skill level 18 in Dodging
 25741 | D:14     | Found a gate to the Vaults.
 26650 | D:15     | Noticed Ruil's ghost (journeyman MiBe)
 26653 | D:15     | Noticed a storm dragon
 26715 | D:15     | Found a transporter.
 26797 | D:15     | Reached skill level 19 in Dodging
 27250 | D:15     | Found a runed translucent door.
 28012 | D:15     | Reached skill level 20 in Dodging
 28014 | D:15     | Reached skill level 1 in Evocations
 28112 | D:15     | Identified the ring of Tickexu {rPois AC+4 Str+2 Dex+2}
 28335 | Spider:1 | Entered Level 1 of the Spider Nest
 28477 | Lair:3   | Bought the +7 hand cannon "Mule" {flame, backblast, rF+}
                  | for 2101 gold pieces
 28477 | Lair:3   | Found the +7 hand cannon "Mule" {flame, backblast, rF+}
 28616 | Spider:1 | Noticed Agnes
 28633 | Spider:1 | Killed Agnes
 28634 | Spider:1 | Reached skill level 3 in Evocations
 28847 | Spider:1 | Reached skill level 1 in Armour
 28850 | Spider:1 | Reached skill level 1 in Shields
 28940 | Spider:1 | Noticed Roxanne
 28952 | Spider:1 | Killed Roxanne
 29226 | Spider:1 | Noticed an emperor scorpion
 29232 | Spider:1 | Killed an emperor scorpion
 29830 | Spider:2 | Noticed an emperor scorpion
 29855 | Spider:1 | Killed an emperor scorpion
 30329 | Spider:2 | Reached XP level 16. HP: 88/88 MP: 17/17
 31716 | Spider:3 | Reached skill level 6 in Evocations
 31804 | Spider:3 | Reached skill level 3 in Armour
 31804 | Spider:3 | Reached skill level 3 in Shields
 32101 | Spider:4 | Entered Level 4 of the Spider Nest
 32726 | Spider:4 | Noticed Asterion
 33180 | Spider:2 | HP: 2/82 [Asterion/orb of electricity (42)]
 33184 | Spider:2 | Killed from afar by Asterion

Illustrated notes

Levels and vault maps discovered:
D:1:      psy_arrival_radial02, layout_basic
D:2:      layout_basic, minmay_increasing_density, uniq_sigmund, uniq_jessica,
          uniq_robin
D:3:      layout_loops_corners, makhleb_altar_promises_db
D:4:      layout_basic, lemuel_crystal_altar, mainiacjoe_overflow_alcove_4,
          lightli_temple_of_fire, minmay_temple_entry_glass
D:5:      layout_layer_cave, nicolae_hepliaklqana_hippocampus,
          hellmonk_ghost_happy_afterlife
D:6:      layout_loops_ring, serial_shops, nicolae_shop_waterfront
D:7:      layout_basic, jmf_multi_god_temple, nicolae_ru_the_path_less_chosen,
          uniq_pikel
D:8:      layout_rooms, lemuel_crystal_altar, uniq_erica
D:9:      nzn_winding_woodlands_stair_cross [nzn_winding_woodlands_5x15_default,
          nzn_winding_woodlands_center_garden,
          nzn_winding_woodlands_5x15_river_crossing,
          nzn_winding_woodlands_5x5_closed_star,
          nzn_winding_woodlands_5x5_default,
          nzn_winding_woodlands_5x15_split_checker,
          nzn_winding_woodlands_center_triple_pond,
          nzn_winding_woodlands_5x15_concentric], layout_small_grid, uniq_joseph
D:10:     cheibrodos_helix_gallery, layout_cave_pods,
          nicolae_qazlal_style_of_elements, lair_entry_dummy, serial_rivers,
          chequers_serial_rivers_micro_c, chequers_serial_rivers_large_b,
          chequers_serial_rivers_micro_a, chequers_serial_rivers_large_a
D:11:     layout_basic, serial_ice, serial_ice_a, serial_ice_l, serial_ice_c,
          serial_ice_m, minivault_7
D:12:     layout_cave_pods, orc_0_dummy, gauntlet_entry_generic, uniq_rupert
D:13:     layout_long_grid, serial_shops, nicolae_shop_trees, kennysheep_mini,
          serial_bayou_pond_a
D:14:     layout_gridville, lightli_vaults_fourway_checkpoint,
          nicolae_lava_and_water
D:15:     hangedman_depths_entry_try_elsewhere_first, layout_loops_ring,
          dreamdust_wishing_well, gammafunk_ghost_berserking_beasts,
          minmay_misc_feat_four_crosses, grunt_ministairs_13, minmay_crystal_box
Temple:   hellmonk_temple_flake
Lair:1:   layout_layer_cave
Lair:2:   layout_long_grid
Lair:3:   layout_misc_corridors, mainiacjoe_shoals_entry_four_pools,
          nicolae_spider_entry_tight_spaces
Lair:4:   layout_misc_corridors, worms_lemuel, grunt_megastairs_1
Lair:5:   minmay_lair_end_enchanted_forest, layout_gridlike, slime_entry_2,
          lemuel_fruit_tree
Spider:1: layout_spider_delve, uniq_roxanne, uniq_agnes
Spider:2: nicolae_spider_hall_of_the_moth_king
Spider:3: layout_spider_delve
Spider:4: grunt_spider_rune_island, nicolae_spider_stair_cavern, uniq_asterion
Orc:1:    layout_diamond_mine, gammafunk_ghost_grave, uniq_harold, uniq_erolcha
Orc:2:    st_orc_mages, layout_caves, serial_shops, shop, shop, shop,
          shop_statue, nicolae_shop_hallway_plus, mines5_lemuel, uniq_snorg

Skill      XL: |  1  2  3  4  5  6  7  8  9 10 11 12 13 14 15 16 |
---------------+-------------------------------------------------+-----
Fighting       | 2 3 4 5 6 8 9 10 11 | 11.8
Ranged Weapons | 5 6 7 9 10 11 12 14 16 17 18 | 18.0
Stealth        | 2 5 7 11 14 | 14.0
Dodging        | 3 5 7 10 13 15 16 17 20 | 20.9
Evocations     | 4 6 |  6.8
Armour         | 2 3 |  3.5
Shields        | 2 3 |  3.5

Action                     |  1- 3 |  4- 6 |  7- 9 | 10-12 | 13-15 | 16-18 || total
---------------------------+-------+-------+-------+-------+-------+-------++-------
   Fire: Shortbow          |    33 |       |       |       |       |       ||    33
         Arbalest          |    35 |   107 |   241 |   665 |  1287 |       ||  2335
         Hand cannon       |       |       |       |       |   127 |   227 ||   354
 Invoke: Potion Petition   |       |       |       |     1 |       |       ||     1
         Call Merchant     |       |       |       |       |     4 |       ||     4
  Evoke: Wand              |       |       |       |     1 |     1 |       ||     2
         Lightning rod     |       |       |       |       |     1 |       ||     1
    Use: Scroll            |       |     7 |    11 |    14 |     9 |       ||    41
         Potion            |       |       |       |     5 |     3 |     1 ||     9
 Armour: Robe              |     7 |    14 |    47 |    20 |       |       ||    88
         Quicksilver drago |       |       |       |   111 |   327 |    71 ||   509
  Dodge: Dodged            |    14 |    19 |   148 |   388 |  1006 |   303 ||  1878
  Block: Buckler           |       |       |       |       |    33 |   103 ||   136
